 Dungeon Crawl Stone Soup version 0.29.1-15-g9cfb28693d (console) character file.

Game seed: 2809553000735785352

16847 Goreval the Destroyer (level 12, -1/64 HPs)
             Began as a Deep Elf Fire Elementalist on Feb 23, 2023.
             Was an Elder of Vehumet.
             Killed from afar by an ironbound frostheart (24 damage)
             ... by creeping frost
             ... in an ice cave.
             The game lasted 01:13:03 (18293 turns).

Goreval the Destroyer (Deep Elf Fire Elementalist) Turns: 18293, Time: 01:13:03

Health: -1/64      AC: 13    Str: 10    XL:     12   Next: 13%
Magic:  27/29      EV: 13    Int: 36    God:    Vehumet [****..]
Gold:   414        SH:  9    Dex: 15    Spells: 16/34 levels left

rFire   + + .      SeeInvis +   y - +2 dagger (venom)
rCold   + . .      Faith    .   N - +0 kite shield
rNeg    . . .      Spirit   .   x - +3 leather armour "Tywenov" {Str+2}
rPois   +          Reflect  .   F - +2 helmet {SInv}
rElec   .          Harm     .   p - +0 cloak
rCorr   .          Rampage  .   I - +0 pair of gloves
Will    +....                   t - +1 pair of boots
Stlth   +.........              D - amulet of magic regeneration
HPRegen 0.20/turn               z - ring of Poropha {Str+3 Int+6}
MPRegen 0.61/turn               P - ring "Ippas" {Drain rPois rF++ rC+ Int+4}

@: studying 2 skills, very slow
A: no striking features
a: Renounce Religion


You were in an ice cave.
You worshipped Vehumet.
Vehumet was greatly pleased with you.
You visited 1 branch of the dungeon, and saw 12 of its levels.
You also visited: Sewer and Ice Cave.

You collected 693 gold pieces.
You spent 279 gold pieces at shops.

Inventory:

Hand Weapons
 y - a +2 dagger of venom (weapon)
 K - a +2 dagger of chaos
Missiles
 u - 4 throwing nets
Armour
 p - a +0 cloak (worn)
 t - a +1 pair of boots (worn)
 x - the +3 leather armour "Tywenov" (worn) {Str+2}
   (You found it on level 4 of the Dungeon)

   Str:       It affects your strength (+2).
 F - a +2 helmet of see invisible (worn)
 H - the +1 robe of the Old World {rC+ Str+3}
   (You found it on level 7 of the Dungeon)

   Str:       It affects your strength (+3).
   rC:        It protects you from cold.
 I - a +0 pair of gloves (worn)
 N - a +0 kite shield (worn)
Magical Staves
 g - a staff of air
Jewellery
 b - a ring of protection from cold
 q - an amulet of guardian spirit
 z - the ring of Poropha (left hand) {Str+3 Int+6}
   (You found it in a sewer)

   [ring of intelligence]

   Str:       It affects your strength (+3).
   Int:       It affects your intelligence (+6).
 D - an amulet of magic regeneration (around neck)
 G - a ring of resist corrosion
 O - a ring of protection from cold
 P - the ring "Ippas" (right hand) {Drain rPois rF++ rC+ Int+4}
   (You took it off an orc on level 9 of the Dungeon)

   [ring of protection from cold]

   Int:       It affects your intelligence (+4).
   rF:        It greatly protects you from fire.
   rC:        It protects you from cold.
   rPois:     It protects you from poison.
   Drain:     It drains your maximum health when unequipped.
 S - a ring of ice
Wands
 B - a wand of digging (3)
 J - a wand of paralysis (9)
 M - a wand of iceblast (7)
 T - a wand of polymorph (7)
 V - a wand of mindburst (5)
Scrolls
 a - a scroll of torment {unknown}
 e - 2 scrolls of blinking {unknown}
 i - a scroll of enchant weapon {unknown}
 k - 2 scrolls of teleportation
 l - 5 scrolls of fear
 m - a scroll of enchant armour {unknown}
 n - 2 scrolls of summoning
 r - a scroll of immolation {unknown}
 w - a scroll of butterflies {unknown}
 A - a scroll of noise
 C - 2 scrolls of amnesia {unknown}
 E - a scroll of vulnerability {unknown}
 L - 3 scrolls of poison
 R - 2 scrolls of silence
Potions
 c - 6 potions of curing
 d - 3 potions of resistance
 f - 2 potions of brilliance
 h - a potion of mutation {unknown}
 j - 2 potions of berserk rage {unknown}
 o - 4 potions of heal wounds
 s - 4 potions of lignification
 v - 2 potions of attraction
Miscellaneous
 Q - a box of beasts


   Skills:
 - Level 3.0 Fighting
 - Level 8.2 Dodging
 - Level 2.4 Stealth
 + Level 4.3 Shields
 + Level 11.6 Spellcasting
 * Level 12.9 Conjurations
 - Level 3.0 Translocations
 + Level 11.4 Fire Magic
 - Level 3.0 Earth Magic


You had 16 spell levels left.
You knew the following spells:

 Your Spells              Type           Power      Damage    Failure   Level
a - Foxfire               Conj/Fire      100%       2x1d9     1%          1
b - Scorch                Fire           100%       2d10      1%          2
c - Conjure Flame         Conj/Fire      83%        6-21      1%          3
d - Inner Flame           Hex/Fire       58%        N/A       1%          3
e - Flame Wave            Conj/Fire      83%        2d18      1%          4
f - Sandblast             Erth           84%        2d18      1%          1
g - Iskenderun's Mystic   Conj/Tloc      67%        2d14      1%          4

Your spell library contained the following spells:

 Spells                   Type           Power      Damage    Failure   Level
 Dazzling Flash           Conj/Hex       100%       N/A       1%          3
 Cause Fear               Hex            10%        N/A       63%         4
 Discord                  Hex            10%        N/A       100%        8


Dungeon Overview and Level Annotations

Branches:
Dungeon (12/15) Zot: 26587  Temple (0/1) D:6            Lair (0/5) D:9
  Sewer (visited)           IceCv (1/1) Zot: 4070
    Orc: D:9-12

Altars:
Ashenzari
Cheibriados
Fedhas
Kikubaaqudgha
Makhleb
Okawaru
Qazlal
Ru
Trog
Vehumet
Xom
Zin

Shops:
D:3 [   D:7 [

Annotations:
D:8 exclusions: door and 2 vault sentinels


Message History

You kill the yak!
Vehumet accepts your kill.
You feel your power returning.
You start resting.
You enter the shallow water.
Moving in this stuff is going to be slow.
The yak bellows!
You see here a wolf corpse.
Items here: ††††.
You see here a yak skeleton.
You see here a yak skeleton.
You see here a yak skeleton.
You see here a yak skeleton.
Items here: ††††.
You enter the shallow water.
Moving in this stuff is going to be slow.
You see here a wolf corpse.
The death yak bellows! x2; You hear an angry growl.
You hear a shout!
An ironbound frostheart comes into view.
Here: an ironbound frostheart, wearing a +0 scale mail (wandering, hasn't noticed you)
The floor.
Unknown command.
The ironbound frostheart shouts!
The fire begins to smoulder!
The ironbound frostheart calls freezing cold from the walls.
The frost grips you!! You partially resist.
You are encased in ice.
The fire ignites!
Flames lash the ironbound frostheart.
The ironbound frostheart's fire resistance burns away.
The ice encasing you melts away.
The ironbound frostheart calls freezing cold from the walls.
The frost grips you! You partially resist.
You are encased in ice.
You enter the shallow water.
Moving in this stuff is going to be slow.
The ice encasing you melts away.
The ironbound frostheart calls freezing cold from the walls.
The frost grips you!! You partially resist.
You die...

# ######## ######### ################ ...
##....p§######÷÷#....### ##.÷.÷#.##..#.#.# #p.#
##.....##..##~~##.#.....### ##...÷#.#.#.#...#.
#...#....######@~~#####.###...####...##÷##..####..#
#...####≈≈≈≈≈~†## ### ###...#..###≈≈≈≈### ###..
##### ##≈≈≈≈≈≈≈# #########...##≈≈≈≈≈#####...#
##≈≈≈≈≈≈≈# ###...##########≈≈##.#.##..###
≈≈≈≈≈≈≈≈≈###..##.(...## #≈##......#..#
.#≈≈≈≈≈≈≈≈#..###...⌠...## ###..#####.###
..Y#≈≈≈≈≈≈##...##........# ##....#....#
#Y###≈≈≈##..#########...# #..###.######## ###.###
#.### ##...####...[#.# ##..# #...###††#####...#....
#...### ###..†.### #..####..# ###...### ######
#..###..## ###...####..## ##...##..## ###...#..#.##
##...##...## ###..††#..## #...####...#
####†#...#####.#.####.. ##.##...##.#.## ##.
#######....## ## ###### #


You could see an ironbound frostheart (combustible) and 2 yaks.

Vanquished Creatures
  A two-headed ogre (D:10)
  A death yak (IceCv)
  Nergalle (D:10)
  Pikel (D:6)
  An ugly thing (D:10)
  An ice statue (IceCv)
  A gargoyle (D:11)
  A kobold demonologist (D:9)
  2 rime drakes (D:12)
  Psyche (D:8)
  A troll (D:11)
  8 polar bears (IceCv)
  A hornet (D:9)
  Grinder (D:5)
  A wraith (D:7)
  2 shadows
  Sigmund (D:6)
  A wyvern (D:7)
  19 yaks
  A steam dragon (D:8)
  2 vampire mosquitoes (D:11)
  2 water moccasins (D:8)
  2 ice beasts
  8 orc warriors
  3 sky beasts (D:7)
  3 ogres
  23 wolves (IceCv)
  2 boggarts (D:12)
  4 centaurs
  4 lemures
  4 phantoms
  2 kobold brigands
  4 bullfrogs
  4 gnoll sergeants (D:9)
  A scorpion (D:6)
  A water moccasin zombie (D:5)
  6 killer bees
  2 howler monkeys
  A centaur zombie (D:5)
  A crimson imp (D:4)
  2 hounds
  5 bullfrog zombies (D:5)
  2 jellies
  A gnoll bouda (D:9)
  An iguana (D:6)
  13 orc wizards
  3 hound zombies (D:5)
  A howler monkey zombie (D:5)
  9 gnolls
  9 adders
  2 shadow imps
  2 white imps
  5 ufetubi
  An adder zombie (D:5)
  An adder skeleton (D:5)
  4 worms
  2 dart slugs
  25 orcs
  10 endoplasms
  11 giant cockroaches
  10 goblins
  7 hobgoblins
  8 quokkas
  13 ball pythons
  6 bats
  11 frilled lizards
  9 kobolds
  2 rats
301 creatures vanquished.

Vanquished Creatures (collateral kills)
  2 foxfires (D:5)
2 creatures vanquished.

Vanquished Creatures (others)
  A human (D:5)
  1027 foxfires
  7 withered plants (D:5)
1035 creatures vanquished.

Grand Total: 1338 creatures vanquished

Notes
Turn   | Place    | Note
-------+----------+-------------------------------------------
     0 | D:1      | Goreval the Deep Elf Fire Elementalist began the quest for
                  | the Orb.
     0 | D:1      | Reached XP level 1. HP: 10/10 MP: 6/6
   271 | D:1      | Reached XP level 2. HP: 15/15 MP: 0/8
   274 | D:1      | Learned a level 2 spell: Scorch
   680 | D:1      | Found a faded altar of an unknown god.
   819 | D:1      | Reached XP level 3. HP: 19/19 MP: 5/9
  1376 | D:2      | Learned a level 3 spell: Conjure Flame
  1576 | D:2      | Found a sacrificial altar of Ru.
  1640 | D:2      | Reached skill level 2 in Conjurations
  2525 | D:2      | Reached XP level 4. HP: 24/24 MP: 8/11
  2529 | D:2      | Learned a level 3 spell: Inner Flame
  3454 | D:3      | Found Daloicweapn's Armour Emporium.
  3992 | D:3      | Reached XP level 5. HP: 28/28 MP: 9/13
  4304 | D:4      | Identified the +3 leather armour "Tywenov" {Str+2}
  4456 | D:4      | Reached skill level 5 in Fire Magic
  4818 | D:4      | Found a radiant altar of Vehumet.
  4818 | D:4      | Found a burning altar of Makhleb.
  4897 | D:4      | Became a worshipper of Vehumet
  5053 | D:4      | Reached skill level 3 in Conjurations
  5186 | D:4      | Noticed an ogre
  5193 | D:4      | Killed an ogre
  5194 | D:4      | Reached XP level 6. HP: 32/32 MP: 4/15
  5199 | D:4      | Learned a level 4 spell: Flame Wave
  5305 | D:5      | Entered Level 5 of the Dungeon
  5307 | D:5      | Noticed Grinder
  5316 | D:5      | Killed Grinder
  5317 | D:5      | Reached skill level 5 in Spellcasting
  5317 | D:5      | Reached skill level 4 in Conjurations
  5317 | D:5      | Reached XP level 7. HP: 36/36 MP: 2/16
  5679 | D:5      | Reached skill level 5 in Dodging
  5818 | D:5      | Found a glowing drain.
  5823 | D:5      | Reached skill level 5 in Conjurations
  5829 | Sewer    | Entered a sewer
  6002 | Sewer    | Reached * piety under Vehumet
  6002 | Sewer    | Offered knowledge of Sandblast by Vehumet.
  6174 | Sewer    | Learned a level 1 spell: Sandblast
  6431 | Sewer    | Reached skill level 1 in Earth Magic
  6486 | Sewer    | Identified the ring of Poropha {Str+3 Int+6}
  6811 | D:5      | Reached XP level 8. HP: 39/42 MP: 7/18
  6953 | D:5      | Reached skill level 1 in Fighting
  7114 | D:5      | You fall into a shaft and drop 1 floor!
  7354 | D:5      | Reached skill level 6 in Conjurations
  7485 | D:5      | Found an ancient bone altar of Kikubaaqudgha.
  7581 | D:6      | Noticed Sigmund
  7588 | D:6      | Killed Sigmund
  7588 | D:6      | Reached ** piety under Vehumet
  8061 | D:6      | Found a staircase to the Ecumenical Temple.
  8287 | D:6      | Noticed Pikel
  8293 | D:6      | Killed Pikel
  8294 | D:6      | Reached skill level 7 in Conjurations
  8294 | D:6      | Reached XP level 9. HP: 49/49 MP: 14/21
  8548 | D:6      | Offered knowledge of Shock by Vehumet.
  9156 | D:7      | Reached skill level 8 in Conjurations
  9311 | D:7      | Found Beeph's Armour Shoppe.
  9330 | D:7      | Bought a +2 helmet of see invisible for 279 gold pieces
 10139 | D:7      | Identified the +1 robe of the Old World {rC+ Str+3}
 10151 | D:7      | Found a glowing silver altar of Zin.
 10465 | D:8      | Noticed Psyche
 10471 | D:8      | Killed Psyche
 10472 | D:8      | Reached XP level 10. HP: 56/56 MP: 18/24
 10541 | D:8      | Found a broken altar of Ashenzari.
 10545 | D:8      | Found a sacrificial altar of Ru.
 10546 | D:8      | Found a snail-covered altar of Cheibriados.
 10547 | D:8      | Found a shimmering altar of Xom.
 10548 | D:8      | Found an iron altar of Okawaru.
 10563 | D:8      | Found a bloodstained altar of Trog.
 10564 | D:8      | Found a stormy altar of Qazlal.
 10586 | D:8      | Reached skill level 9 in Conjurations
 10737 | D:8      | Noticed a vault sentinel
 10737 | D:8      | Noticed a vault sentinel
 12201 | D:9      | Offered knowledge of Ignite Poison by Vehumet.
 12500 | D:8      | Reached *** piety under Vehumet
 12655 | D:9      | Found a blossoming altar of Fedhas.
 12694 | D:9      | Found a staircase to the Lair.
 12728 | D:9      | Identified the ring "Ippas" {Drain rPois rF++ rC+ Int+4}
 13396 | D:9      | Reached skill level 10 in Conjurations
 13429 | D:9      | Reached skill level 10 in Fire Magic
 13755 | D:10     | Entered Level 10 of the Dungeon
 14546 | D:10     | Noticed Nergalle
 14561 | D:10     | Killed Nergalle
 14562 | D:10     | Reached skill level 10 in Spellcasting
 14562 | D:10     | Reached skill level 11 in Conjurations
 14562 | D:10     | Reached XP level 11. HP: 59/60 MP: 22/27
 14601 | D:10     | Noticed a white ugly thing
 14610 | D:10     | Killed a white ugly thing
 14869 | D:10     | Noticed a two-headed ogre
 14992 | D:10     | Killed a two-headed ogre
 15107 | D:11     | Offered knowledge of Iskenderun's Mystic Blast by Vehumet.
 15257 | D:10     | Learned a level 4 spell: Iskenderun's Mystic Blast
 16056 | D:12     | Noticed a two-headed ogre
 16059 | D:12     | Reached skill level 1 in Translocations
 16368 | D:12     | Found a frozen archway.
 16374 | D:12     | Reached skill level 1 in Shields
 16379 | IceCv    | Entered an ice cave
 17481 | IceCv    | Reached skill level 12 in Conjurations
 17775 | IceCv    | Reached **** piety under Vehumet
 17780 | IceCv    | Offered knowledge of Dazzling Flash by Vehumet.
 18059 | IceCv    | Noticed a death yak
 18068 | IceCv    | Reached XP level 12. HP: 64/64 MP: 22/29
 18069 | IceCv    | Killed a death yak
 18115 | IceCv    | Noticed a death yak
 18123 | IceCv    | Noticed a death yak
 18279 | IceCv    | Noticed an ironbound frostheart
 18293 | IceCv    | Killed from afar by an ironbound frostheart

Illustrated notes

Levels and vault maps discovered:
D:1:      spicycebolla_green_bress_n_ham, layout_rooms,
          dreamdust_ecumenical_altar_angels_and_demons
D:2:      layout_basic, basic_altar, nrook_uturn
D:3:      minmay_angry_zag, layout_basic, serial_shops, shop,
          guppyfry_early_orc_mine
D:4:      layout_loops_ring, grunt_temple_overflow_lords_of_destruction
D:5:      layout_rooms, tgw_kikubaaqudgha, cheibrodos_sewer_entry_bend,
          serial_undead, serial_undead_f, serial_undead_d, serial_undead_c,
          serial_undead_f, serial_undead_a, serial_undead_b, serial_undead_f,
          uniq_grinder
D:6:      layout_rooms, minmay_temple_entry_mini_moons, uniq_sigmund, uniq_pikel
D:7:      layout_loops_corners, mainiacjoe_overflow_24_doors, serial_shops,
          shop_fountains, nrook_mini_vaults, grunt_ministairs_13,
          minmay_fountain_box
D:8:      layout_basic, grunt_temple_overflow_open,
          hellmonk_guarded_unrand_gong, uniq_psyche
D:9:      minmay_s_stair_smasher, layout_basic, mainiacjoe_overflow_chevrons,
          lair_entry_dummy
D:10:     layout_roguey, minmay_stone_trees_medium, uniq_nergalle
D:11:     layout_rooms
D:12:     layout_layer_cave, zombieorc2_lemuel, serial_ice, serial_ice_f,
          serial_ice_l, serial_ice_n, serial_ice_b, portal_ice_cave_rime
IceCv:    ice_cave_caverns_02

Skill      XL: |  1  2  3  4  5  6  7  8  9 10 11 12 |
---------------+-------------------------------------+-----
Fire Magic     | 4 5 6 8 9 10 11 | 11.4
Dodging        | 3 4 5 7 8 |  8.2
Conjurations   | 2 3 4 5 7 8 11 12 | 12.9
Spellcasting   | 4 5 7 8 10 11 | 11.6
Earth Magic    | 1 3 |  3.0
Fighting       | 2 3 |  3.0
Translocations | 3 |  3.0
Shields        | 3 4 |  4.3
Stealth        | |  2.4

Action                   |  1- 3 |  4- 6 |  7- 9 | 10-12 || total
-------------------------+-------+-------+-------+-------++-------
Melee: Unarmed           |    11 |       |       |       ||    11
       Dagger            |     6 |    11 |    15 |     2 ||    34
       Punch             |     1 |       |       |       ||     1
 Cast: Foxfire           |   119 |    86 |   217 |   234 ||   656
       Scorch            |     6 |    22 |    56 |   145 ||   229
       Conjure Flame     |       |     4 |     6 |    19 ||    29
       Flame Wave        |       |       |     2 |    23 ||    25
       Inner Flame       |       |       |     2 |     3 ||     5
       Sandblast         |       |       |       |     2 ||     2
  Use: Scroll            |       |       |     4 |     8 ||    12
       Potion            |       |       |     1 |     1 ||     2
Armor: Robe              |     3 |       |       |       ||     3
       Leather armour    |       |     6 |    43 |    38 ||    87
Dodge: Dodged            |    24 |    12 |    51 |    61 ||   148
Block: Kite shield       |       |       |       |    20 ||    20
